 Dungeon Crawl Stone Soup version 0.28-a0-595-g9f6c0e134a (webtiles) character file.

Game seed: 6134178821480660851

2360 iamoutofideas the Cleaver (level 9, 0/118 HPs)
             Began as a Hill Orc Berserker on Oct 4, 2021.
             Was a Priest of Trog.
             Slain by a wyvern zombie (6 damage)
             ... on level 6 of the Dungeon on Oct 5, 2021.
             The game lasted 00:08:37 (7947 turns).

iamoutofideas the Cleaver (Hill Orc Berserker)      Turns: 7947, Time: 00:08:38

Health: 0/118      AC:  9    Str: 22    XL:     9   Next: 44%
Magic:  9/9        EV: 11    Int:  7    God:    Trog [***...]
Gold:   235        SH:  0    Dex: 11    Spells: 8/8 levels left

rFire   . . .      SeeInvis .   a - +0 hand axe
rCold   . . .      Faith    .   (no shield)
rNeg    . . .      Spirit   .   g - +4 ring mail
rPois   .          Reflect  .   (no helmet)
rElec   .          Harm     .   (no cloak)
rCorr   .          Rampage  .   (no gloves)
Will    .....                   (no boots)
Stlth   ..........              (no amulet)
HPRegen 0.29/turn               (no ring)
MPRegen 0.11/turn               (no ring)

@: confused, berserking (expiring), hasted, very quick
A: no striking features
a: Renounce Religion, Convert to Beogh, Berserk, Trog's Hand


You were on level 6 of the Dungeon.
You worshipped Trog.
Trog was most pleased with you.
You visited 1 branch of the dungeon, and saw 6 of its levels.

You collected 235 gold pieces.

Inventory:

Hand Weapons
 a - a +0 hand axe (weapon)
Armour
 b - a +0 animal skin
 f - a +0 ring mail
 g - a +4 ring mail (worn)
 i - +0 steam dragon scales
 r - a +0 troll leather armour {Purgy}
 v - a +0 kite shield
Jewellery
 h - a ring of flight
Wands
 q - a wand of paralysis (7)
 t - a wand of polymorph (6)
Scrolls
 c - a scroll of immolation {unknown}
 e - 3 scrolls of identify
 k - 2 scrolls of fog {unknown}
 l - a scroll of enchant armour {unknown}
 o - a scroll of torment {unknown}
 s - a scroll of brand weapon {unknown}
 u - a scroll of enchant weapon {unknown}
Potions
 d - a potion of degeneration {unknown}
 j - a potion of magic {unknown}
 m - 2 potions of mutation {unknown}
 n - 3 potions of haste
 p - a potion of berserk rage {unknown}
 w - a potion of flight {unknown}


   Skills:
 + Level 7.5 Fighting
 * Level 14.5 Axes
 - Level 2.3 Armour
 - Level 1.8 Dodging


You had 8 spell levels left.
You didn't know any spells.
Your spell library was empty.

Dungeon Overview and Level Annotations

Branches:
Dungeon (6/15)
 Temple: D:4-7

Altars:
Elyvilon
Yredelemnul

Shops:
D:1 *


Message History

The ufetubus misses you. The ufetubus closely misses you.
The orc priest shouts, "Join the one true god or die!"
Found 12 gold pieces.
You feel less confused.
A red film seems to cover your vision as you go berserk!
You feel yourself moving faster!
You feel mighty! The ufetubus barely misses you.
The ufetubus closely misses you.
You slice the ufetubus!!
You kill the ufetubus!
Trog accepts your kill.
The orc priest calls upon Beogh to heal the orc.
The orc's wounds heal themselves!
The orc barely misses you.
You hear some strange, mumbled words.
You are confused.
The wyvern zombie bites you!
* * * LOW HITPOINT WARNING * * *
You closely miss the wyvern zombie.
The wyvern zombie is moderately damaged.
You barely miss the orc. You slash something!
The orc priest shouts, "Beogh is our master!
Accept the truth or die!"
The orc priest calls down the wrath of Beogh upon you.
Beogh smites you!
* * * LOW HITPOINT WARNING * * *
You hit the wyvern zombie.
The wyvern zombie is moderately damaged.
You barely miss something. You barely miss the orc. The orc barely misses you.
The wyvern zombie bites you!
* * * LOW HITPOINT WARNING * * *
You're too confused to move!
Something hits you but does no damage.
Unknown command.
You feel a strong urge to attack something.
The orc priest shouts, "Surrender to Beogh and we'll let you live!"
The orc priest hits you with a +0 club.
* * * LOW HITPOINT WARNING * * *
You hit the orc priest.
The orc priest is moderately wounded.
You closely miss the orc. You hit the wyvern zombie.
You closely miss something. The wyvern zombie bites you.
You die...

## #..# ..##...))<.....#
#.##... ........)........
....... #.#.#.†).........
.......### #
#........##..
.........######.........
.
#........##...........#..
#..).....8.....8..#...
#.).oo................
##..{@..............
#...Z#.#.........##.
##...#.#...>.....#
###...#....)....#
......8.....8.#
.....#........
.####.....#### .. ... .#
#. .... $


You could see an orc priest, an orc and a wyvern zombie.

Vanquished Creatures
  Prince Ribbit (D:5)
  Grinder (D:5)
  A steam dragon (D:5)
  A water moccasin (D:3)
  Purgy (D:4)
  An orc warrior (D:6)
  3 necrophages (D:5)
  2 ogres
  An ice beast (D:4)
  Blork the orc (D:4)
  2 phantoms (D:5)
  A gnoll sergeant (D:5)
  2 scorpions
  A water moccasin zombie (D:5)
  A howler monkey (D:5)
  A hound (D:5)
  2 bullfrog skeletons (D:5)
  2 orc priests
  2 centaur skeletons
  5 iguanas
  2 hound zombies (D:5)
  3 gnolls (D:5)
  7 adders
  A white imp (D:6)
  An ufetubus (D:6)
  An adder zombie (D:5)
  4 dart slugs
  16 orcs
  5 ball pythons
  3 bats (D:1)
  8 endoplasms
  4 giant cockroaches
  3 goblins
  6 hobgoblins
  3 jackals (D:3)
  A quokka (D:1)
  6 frilled lizards
  10 kobolds
  A rat (D:3)
117 creatures vanquished.

Notes
Turn   | Place    | Note
-------+----------+-------------------------------------------
     0 | D:1      | iamoutofideas the Hill Orc Berserker began the quest for
                  | the Orb.
     0 | D:1      | Reached XP level 1. HP: 19/19 MP: 1/1
   120 | D:1      | Reached XP level 2. HP: 9/27 MP: 2/2
  1173 | D:1      | Found Ucluth's General Store.
  1260 | D:1      | Reached XP level 3. HP: 21/32 MP: 3/3
  1531 | D:1      | Found a faded altar of an unknown god.
  2201 | D:2      | Reached skill level 5 in Axes
  2431 | D:2      | Reached ** piety under Trog
  3389 | D:3      | Reached XP level 4. HP: 29/40 MP: 4/4
  3624 | D:3      | Noticed a water moccasin
  3641 | D:3      | Killed a water moccasin
  3642 | D:3      | Reached skill level 7 in Axes
  3642 | D:3      | Reached XP level 5. HP: 23/47 MP: 5/5
  3940 | D:3      | HP: 1/47 [orc (3)]
  4598 | D:4      | Reached skill level 8 in Axes
  4598 | D:4      | Reached XP level 6. HP: 53/53 MP: 6/6
  4602 | D:4      | Noticed Blork the orc
  4775 | D:4      | Killed Blork the orc
  4776 | D:4      | Reached skill level 9 in Axes
  4828 | D:4      | Found a white marble altar of Elyvilon.
  4895 | D:4      | Found a basalt altar of Yredelemnul.
  4924 | D:4      | Noticed Purgy
  4924 | D:4      | Noticed an ice beast
  4929 | D:4      | Killed Purgy
  4930 | D:4      | Reached skill level 5 in Fighting
  4930 | D:4      | Reached XP level 7. HP: 61/61 MP: 7/7
  4935 | D:4      | Reached skill level 10 in Axes
  5749 | D:5      | Entered Level 5 of the Dungeon
  5813 | D:5      | Reached skill level 11 in Axes
  5813 | D:5      | Reached XP level 8. HP: 57/69 MP: 8/8
  6312 | D:5      | Reached skill level 12 in Axes
  6456 | D:5      | Noticed Prince Ribbit
  6466 | D:5      | Killed Prince Ribbit
  6466 | D:5      | Reached *** piety under Trog
  6862 | D:5      | Reached skill level 13 in Axes
  7047 | D:5      | Reached XP level 9. HP: 78/78 MP: 9/9
  7242 | D:5      | Noticed Grinder
  7258 | D:5      | Killed Grinder
  7259 | D:5      | Reached skill level 14 in Axes
  7947 | D:6      | Slain by a wyvern zombie

Illustrated notes

Levels and vault maps discovered:
D:1:      dpeg_arrival_signposts, layout_basic, serial_shops,
          nicolae_shop_trees, hellmonk_ecumenical_altar_pennies_from_heaven
D:2:      layout_loops_corners
D:3:      layout_basic, grunt_decor_fettered
D:4:      layout_basic, kennysheep_ying_yang, uniq_blork_the_orc, uniq_purgy
D:5:      minmay_thinvault, layout_basic, serial_co_window_serial,
          co_window_paths_b, co_window_of_opportunity_a,
          co_window_of_opportunity_a, co_window_of_opportunity_a,
          co_window_corner_a, co_window_paths_b, co_window_of_opportunity_a,
          co_window_2corner, co_window_broadway_b, co_window_2corner,
          co_window_2corner, co_window_corner_b, glass_columns_c,
          uniq_prince_ribbit1, uniq_grinder
D:6:      layout_cave_pools, nicolae_tso_besieged_by_evil, xom_teletrap_fun,
          st_stairs_1, corexii_corridor_pit

Skill      XL: |  1  2  3  4  5  6  7  8  9 |
---------------+----------------------------+-----
Fighting       | 4 5 6 7 |  7.5
Axes           | 5 7 8 9 11 13 14 | 14.5
Armour         | |  2.3
Dodging        | |  1.8

Action                   |  1- 3 |  4- 6 |  7- 9 || total
-------------------------+-------+-------+-------++-------
Melee: Hand axe          |   125 |    77 |   295 ||   497
Invok: Berserk           |     2 |     5 |    11 ||    18
       Trog's Hand       |       |     1 |     1 ||     2
  Use: Potion            |       |     4 |     2 ||     6
       Scroll            |       |       |     5 ||     5
 Stab: Sleeping          |     1 |       |       ||     1
Armor: Animal skin       |    25 |       |       ||    25
       Skin              |       |     7 |       ||     7
       Ring mail         |       |    11 |    84 ||    95
       Troll leather arm |       |       |     2 ||     2
Dodge: Dodged            |    84 |    61 |   141 ||   286

Table legend: (Time is in decaauts)
 A = Elapsed time spent in this place.
 B = Non-inter-level travel time spent in this place.
 C = Inter-level travel time spent in this place.
 D = Time resting spent in this place.
 E = Time spent auto-exploring this place.
 F = Levels seen in this place.
 G = Mean time per level.
                   A        B        C        D        E       F      G
               +--------+--------+--------+--------+--------+-----+--------+
         Total |   8009 |   7858 |    151 |   1340 |   5450 |   6 | 1334.8 |
       Dungeon |   8009 |   7858 |    151 |   1340 |   5450 |   6 | 1334.8 |
               +--------+--------+--------+--------+--------+-----+--------+

Top non-repeatable levels by time:
     D:1: 2182 daAuts
     D:5: 1999 daAuts
     D:3: 1598 daAuts
     D:4: 1047 daAuts
     D:2: 985 daAuts
     D:6: 197 daAuts
